 Dungeon Crawl Stone Soup version 0.20-a0-689-g860b9ab (webtiles) character file.

242 polly the Shield-Bearer (level 6, 0/38 HPs)
             Began as a Gargoyle Fighter on Feb 20, 2017.
             Was a Follower of Okawaru.
             Slain by a water moccasin zombie (1 damage)
             ... on level 3 of the Dungeon.
             The game lasted 00:04:05 (2223 turns).

polly the Shield-Bearer (Gargoyle Fighter)          Turns: 2223, Time: 00:04:06

Health: 0/38       AC: 12    Str: 20    XL:     6   Next: 9%
Magic:  6/6        EV: 13    Int:  9    God:    Okawaru [*.....]
Gold:   137        SH: 10    Dex: 15    Spells: 5/5 levels left

rFire    . . .     SeeInvis .   a - +0 flail
rCold    . . .     Gourm    .   b - +0 scale mail
rNeg     + . .     Faith    +   c - +0 shield
rPois    ∞         Spirit   .   o - +0 helmet
rElec    +         Reflect  .   (no cloak)
rCorr    .         Harm     .   (no gloves)
MR       .....     Clarity  +   (no boots) Stlth +.........Rnd*Tele +
                                e - amulet of faith
Regen    0.2/turn               (no ring)
MPRegen  0.1/turn               (no ring)

@: agile
A: clarity, negative energy resistance 1, electricity resistance, teleportitis
1, unbreathing, petrification resistance, rot immunity, AC +4
a: Heroism, Renounce Religion


You were on level 3 of the Dungeon.
You worshipped Okawaru.
Okawaru was aware of your devotion.
You were not hungry.

You visited 1 branch of the dungeon, and saw 3 of its levels.

You collected 137 gold pieces.

Inventory:

Hand Weapons
 a - a +0 flail (weapon)
Armour
 b - a +0 scale mail (worn)
 c - a +0 shield (worn)
 o - a +0 helmet (worn)
Jewellery
 e - an amulet of faith (around neck)
Scrolls
 h - 5 scrolls of identify {unknown}
 i - a scroll of enchant weapon {unknown}
 l - 3 scrolls of remove curse {unknown}
 m - a scroll of teleportation {unknown}
 n - a scroll of recharging {unknown}
 p - a scroll of noise {unknown}
 u - a scroll of enchant armour {unknown}
Potions
 d - a potion of might
 q - a potion of lignification {unknown}
 r - a potion of heal wounds {unknown}
 s - a potion of haste {unknown}
 v - a potion of magic {unknown}
Comestibles
 f - 2 bread rations
 k - 3 meat rations


   Skills:
 + Level 3.8 Fighting
 + Level 4.0 Maces & Flails
 + Level 4.0 Armour
 + Level 1.2 Dodging
 + Level 4.8 Shields


You had 5 spell levels left.
You didn't know any spells.

Dungeon Overview and Level Annotations

Branches:
Dungeon (3/15)

Altars:
Elyvilon
Kikubaaqudgha
Okawaru
Ru


Innate Abilities, Weirdness & Mutations

You are resistant to torment.
Your stone body is resilient. (AC +4)
You are immune to poison.
You resist negative energy. (rN+)
You are resistant to electric shocks. (rElec)
You can survive without breathing.
You are immune to petrification.
You are immune to rotting.
You possess an exceptional clarity of mind.
You are occasionally teleported next to monsters.


Message History

You barely miss the water moccasin zombie.
The water moccasin zombie is moderately damaged.
The water moccasin zombie bites you.
* * * LOW HITPOINT WARNING * * *
The orc wizard closely misses you.
You barely miss the water moccasin zombie.
The water moccasin zombie is moderately damaged.
The water moccasin zombie bites you.
* * * LOW HITPOINT WARNING * * *
The orc wizard casts a spell.
The orc wizard blinks!
You block the water moccasin zombie's attack.
It was a potion of mutation.
You feel extremely strange.
You feel weirdly uncertain.
Your thoughts seem clearer.
The water moccasin zombie bites you.
* * * LOW HITPOINT WARNING * * *
It was a potion of agility.
You feel agile all of a sudden. The water moccasin zombie bites you.
You die...

#..[##.....# #.##.....#
#.##.....# #......###
#.#####.## #o.......##
#o###.....###
#Z##.......... ###
#@###.....#### #######.##
#o#......># #........#####
#.#.#...#.# #.#####......#
#.#.#####.# #.# ##.##..#
#.......#.#
..######.##..#####>#...#.#
###.............##.#...#.#
#.####.#....#.##.......#
#.# ###.##
#.........###...########..


You could see an orc wizard, 2 orcs and a water moccasin zombie.

Vanquished Creatures
  An ice beast (D:3)
  An orc wizard (D:3)
  2 gnolls (D:3)
  3 adders (D:2)
  2 oozes
  A worm (D:3)
  2 dart slugs (D:1)
  2 leopard geckos
  3 ball pythons
  A giant cockroach (D:3)
  6 goblins
  5 hobgoblins
  5 jackals
  6 kobolds
  9 bats
  2 frilled lizards
  8 rats
59 creatures vanquished.

Notes
Turn   | Place    | Note
-------+----------+-------------------------------------------
     0 | D:1      | polly the Gargoyle Fighter began the quest for the Orb.
     0 | D:1      | Reached XP level 1. HP: 14/14 MP: 1/1
    59 | D:1      | Reached XP level 2. HP: 18/19 MP: 2/2
   353 | D:1      | Reached XP level 3. HP: 23/23 MP: 3/3
   655 | D:2      | Found an iron altar of Okawaru.
   771 | D:2      | Became a worshipper of Warmaster Okawaru
   923 | D:2      | Reached XP level 4. HP: 21/28 MP: 4/4
  1001 | D:2      | Found an ancient bone altar of Kikubaaqudgha.
  1278 | D:3      | Noticed an ice beast
  1300 | D:3      | Killed an ice beast
  1300 | D:3      | Reached * piety under Okawaru
  1300 | D:3      | Reached XP level 5. HP: 19/33 MP: 5/5
  1334 | D:3      | Reached skill level 1 in Dodging
  1549 | D:2      | HP: 1/33 [gnoll/halberd (11)]
  1566 | D:1      | HP: 1/33 [hobgoblin (2)]
  1961 | D:3      | Found a sacrificial altar of Ru.
  2071 | D:3      | Found a white marble altar of Elyvilon.
  2192 | D:3      | Reached XP level 6. HP: 30/38 MP: 6/6
  2222 | D:3      | Gained mutation: You are occasionally teleported next to monsters. [potion of mutation]
  2222 | D:3      | Gained mutation: You possess an exceptional clarity of mind. [potion of mutation]
  2222 | D:3      | HP: 1/38 [water moccasin zombie (1)]
  2223 | D:3      | Slain by a water moccasin zombie

Vault maps used:
D:1:      lightli_arrival_windingriver, serial_corexii_hall,
          corexii_hall_statues_t, corexii_hall_statues_i
D:2:      lemuel_crystal_altar, old_standard_altar, minmay_tromino_v4_c
D:3:      elyvilon_altar_5, nicolae_ru_awakened_eye

Skill      XL: |  1  2  3  4  5 |
---------------+----------------+-----
Shields        | 4 |  4.8
Maces & Flails | 3 4 |  4.0
Dodging        | 1 |  1.2
Armour         | 4 |  4.0
Fighting       | |  3.8

Action                   |  1- 3 |  4- 6 || total
-------------------------+-------+-------++-------
Melee: Flail             |   113 |   139 ||   252
  Use: Potion            |       |     2 ||     2
  Eat: Chunk             |       |     3 ||     3
       Royal jelly       |       |     1 ||     1
Armor: Scale mail        |    67 |    88 ||   155
Dodge: Dodged            |    44 |    50 ||    94
Block: Shield            |    81 |    84 ||   165
